 Dungeon Crawl Stone Soup version 0.30.1-11-g7821555f0a (webtiles) character file.

Game seed: 8325597707410641968

1311 Ivernyr the Covered (level 8, -3/55 (64) HPs)
             Began as a Formicid Fighter on Dec 7, 2023.
             Succumbed to a wight's poison
             ... on level 6 of the Dungeon.
             The game lasted 00:09:51 (4293 turns).

Ivernyr the Covered (Formicid Fighter)              Turns: 4293, Time: 00:09:52

HP:   -3/55 (64)    AC: 10    Str: 22    XL:     8   Next: 89%
MP:   8/8           EV: 19    Int:  9    God:
Gold: 281           SH: 11    Dex: 13    Spells: 7/7 levels left

rFire   . . .        a - +2 quarterstaff (chaos)
rCold   . . .        c - +0 buckler
rNeg    . . .        b - +0 scale mail
rPois   .            (helmet unavailable)
rElec   .            A - +0 cloak
rCorr   .            u - +0 pair of gloves
SInv    +            (no boots)
Will    .....        g - amulet of reflection Stlth
                     i - +5 ring of evasion
HPRegen 0.29/turn    o - +5 ring of evasion
MPRegen 0.11/turn

%: reflection
@: lethally poisoned (-3 -> -19), flying, heavily drained
A: permanent stasis, dig shafts and tunnels, antennae 3, four strong arms
a: Dig, Shaft Self


You were on level 6 of the Dungeon.
You visited 1 branch of the dungeon, and saw 6 of its levels.
You also visited: Ossuary.

You collected 281 gold pieces.

Inventory:

Hand Weapons
 a - a +2 quarterstaff of chaos (weapon)
Armour
 b - a +0 scale mail (worn)
 c - a +0 buckler (worn)
 u - a +0 pair of gloves (worn)
 A - a +0 cloak (worn)
Jewellery
 g - an amulet of reflection (around neck)
 i - a +5 ring of evasion (left hand)
 o - a +5 ring of evasion (right hand)
Wands
 x - a wand of flame (8)
 B - a wand of polymorph (14)
 C - a wand of acid (14)
 D - a wand of roots (2)
Scrolls
 e - a scroll of magic mapping {unknown}
 h - a scroll of amnesia
 n - 2 scrolls of enchant armour
 r - 4 scrolls of immolation {unknown}
 s - a scroll of fear
 t - 2 scrolls of blinking {unknown}
 y - a scroll of enchant weapon
 G - 2 scrolls of vulnerability {unknown}
 H - a scroll of butterflies {unknown}
Potions
 d - 2 potions of might
 k - 3 potions of curing {unknown}
 l - a potion of mutation {unknown}
 m - a potion of heal wounds {unknown}
 p - 2 potions of attraction {unknown}
 v - a potion of brilliance {unknown}
 w - 3 potions of flight
 z - a potion of ambrosia {unknown}
 E - 2 potions of degeneration {unknown}
 F - 2 potions of lignification {unknown}


   Skills:
 + Level 5.9 Fighting
 + Level 4.9 Staves
 * Level 7.8 Armour
 + Level 7.1 Shields


You had 7 spell levels left.
You didn't know any spells.
Your spell library contained the following spells:

 Spells                   Type           Power      Damage    Failure   Level
 Magic Dart               Conj           0%         1d3       75%         1
 Call Imp                 Summ           0%         N/A       86%         2
 Cigotuvi's Dreadful Rot  Necr/Pois/Air  0%         N/A       86%         2
 Lesser Beckoning         Tloc           0%         N/A       86%         2
 Searing Ray              Conj           0%         2d4       86%         2
 Gell's Gravitas          Tloc           0%         N/A       98%         3
 Ignite Poison            Fire/Tmut/Pois 0%         N/A       98%         3
 Mephitic Cloud           Conj/Pois/Air  0%         N/A       98%         3
 Teleport Other           Tloc           0%         N/A       98%         3
 Fulminant Prism          Conj/Hex       0%         3d5       100%        4
 Freezing Cloud           Conj/Ice/Air   0%         6-21      100%        5


Dungeon Overview and Level Annotations

Branches:
Dungeon (6/15)            Ossuary (visited)
 Temple: D:4-7

Altars:
Ashenzari
Elyvilon
Makhleb
Nemelex Xobeh
Zin

Shops:
D:3 [


Innate Abilities, Weirdness & Mutations

You cannot be hasted, slowed, berserked, paralysed or teleported.
You can dig through walls and to a lower floor.
You have a pair of large antennae on your head. (SInv)
Your four strong arms can wield two-handed weapons with a shield.


Message History

You block the wight's attack.
You hit the wight but do no damage.
The wight seems to grow stronger.
The wight is moderately damaged.
The wight completely misses you.
You barely miss the wight.
The wight is moderately damaged.
The wight hits you with a +0 halberd of venom.
You feel drained.
You are poisoned.
You barely miss the wight.
The wight is moderately damaged.
You feel very sick.
The wight hits you with a +0 halberd of venom!
You are more poisoned.
The wight barely misses you.
You closely miss the wight.
The wight is moderately damaged.
You feel very sick.
The wight hits you with a +0 halberd of venom!
You feel drained.
You are lethally poisoned!
You hit the wight.
The wight is heavily damaged.
* * * LOW HITPOINT WARNING * * *
You feel extremely sick. You block the wight's attack.
You thump the wight!
The wight is almost destroyed.
* * * LOW HITPOINT WARNING * * *
You feel extremely sick. You block the wight's attack.
You sock the wight!
You destroy the wight!
* * * LOW HITPOINT WARNING * * *
You feel very sick.
Unknown command.
It was a potion of flight.
You feel very buoyant.
You fly up into the air.
You die...

...........##
............
......≈≈≈≈≈ .
#.....≈.... ..
.....≈.≈§≈ ...
....≈§§.. ....
##)..≈§§._
#...##.@..≈.≈§.
#.......≈.≈§≈
###.<...≈....
##....≈≈≈≈≈
##.#......
#........
#########


There were no monsters in sight!

Vanquished Creatures
  Sigmund (D:3)
  Menkaure (Ossuary)
  A water moccasin (D:4)
  2 black bears (D:5)
  Blork the orc (D:5)
  4 wights
  A howler monkey (D:5)
  Crazy Yiuf (D:5)
  A sleepcap (D:5)
  3 iguanas (D:5)
  Natasha (thrice) (D:4)
  3 mummies (Ossuary)
  3 gnolls (D:3)
  4 adders
  3 ufetubi
  2 worms
  A dart slug (D:1)
  5 orcs (D:5)
  6 bats
  5 endoplasms
  2 giant cockroaches
  7 gnoll zombies (Ossuary)
  4 goblins
  9 hobgoblins
  5 jackals
  7 quokkas
  7 ball pythons
  7 frilled lizards
  9 gnoll skeletons (Ossuary)
  6 goblin skeletons (Ossuary)
  3 hobgoblin skeletons (Ossuary)
  4 hobgoblin zombies (Ossuary)
  5 kobolds
  A kobold skeleton (Ossuary)
  2 kobold zombies (Ossuary)
  3 orc skeletons (Ossuary)
  7 orc zombies (Ossuary)
  2 rats (D:1)
  3 rat skeletons (Ossuary)
  5 rat zombies (Ossuary)
149 creatures vanquished.

Notes
Turn   | Place    | Note
-------+----------+-------------------------------------------
     0 | D:1      | Ivernyr the Formicid Fighter began the quest for the Orb.
     0 | D:1      | Reached XP level 1. HP: 18/18 MP: 1/1
    50 | D:1      | Found a faded altar of an unknown god.
   113 | D:1      | Reached XP level 2. HP: 24/24 MP: 2/2
   304 | D:1      | Reached XP level 3. HP: 14/29 MP: 3/3
   978 | D:2      | Reached XP level 4. HP: 30/37 MP: 4/4
  1587 | D:3      | Noticed Sigmund
  1594 | D:3      | Killed Sigmund
  1595 | D:3      | Reached skill level 5 in Armour
  1595 | D:3      | Reached skill level 5 in Shields
  1595 | D:3      | Reached XP level 5. HP: 42/42 MP: 5/5
  1595 | D:3      | Reached XP level 6. HP: 48/48 MP: 6/6
  1707 | D:3      | Found a white marble altar of Elyvilon.
  2169 | D:3      | Found Ereif Jarim's Armour Shop.
  2449 | D:4      | Found a burning altar of Makhleb.
  2663 | D:4      | Noticed a water moccasin
  2678 | D:4      | Killed a water moccasin
  2679 | D:4      | Reached XP level 7. HP: 51/55 MP: 7/7
  2767 | D:4      | Found a broken altar of Ashenzari.
  2817 | D:4      | Noticed Natasha
  2826 | D:4      | Killed Natasha
  2840 | D:4      | Noticed Natasha
  2849 | D:4      | Killed Natasha
  2858 | D:4      | Noticed Natasha
  2868 | D:4      | Killed Natasha
  3058 | D:5      | Entered Level 5 of the Dungeon
  3110 | D:5      | Reached skill level 5 in Fighting
  3143 | D:5      | Found a runed translucent door.
  3145 | D:5      | Noticed Crazy Yiuf
  3164 | D:5      | Killed Crazy Yiuf
  3165 | D:5      | Reached XP level 8. HP: 57/62 MP: 8/8
  3263 | D:5      | Noticed Blork the orc
  3278 | D:5      | Killed Blork the orc
  3494 | D:5      | Found a sand-covered staircase.
  3523 | Ossuary  | Entered an ossuary
  3776 | Ossuary  | Noticed Menkaure
  3786 | Ossuary  | Killed Menkaure
  4104 | D:5      | Found a sparkling altar of Nemelex Xobeh.
  4276 | D:6      | Found a glowing silver altar of Zin.
  4292 | D:6      | HP: 1/53 [poisoned by a wight]
  4293 | D:6      | Succumbed to a wight's poison

Illustrated notes

Levels and vault maps discovered:
D:1:      psy_arrival_statuary, layout_basic, shapermc_ecumenical_altar_ellora
D:2:      layout_basic
D:3:      layout_basic, nicolae_elyvilon_temple_path, serial_shops, shop,
          serial_aquarium, aquarium_bridge_straight [aquarium_subvault_bridge,
          aquarium_subvault_wall, aquarium_subvault_bridge,
          aquarium_subvault_window], aquarium_window_fake,
          aquarium_window_corner, aquarium_window_2, aquarium_view_2d,
          aquarium_view_2e, aquarium_pool_2, uniq_sigmund
D:4:      layout_gridville, bloody_makhleb, nicolae_ashenzari_panopticon,
          uniq_natasha
D:5:      layout_cave_pools, nemelex_spade_bored_becter,
          nicolae_ossuary_entry_monument, uniq_blork_the_orc,
          uniq_crazy_yiuf_cottage
D:6:      layout_cave_pools, nicolae_uskayaw_suspiria,
          mainiacjoe_overflow_concentric_impassable,
          minmay_temple_entry_glassed_door, gammafunk_ghost_nasty_kobolds,
          serial_bayou_pond_e, minmay_holes, kennysheep_generic_room_11

Skill      XL: |  1  2  3  4  5  6  7  8 |
---------------+-------------------------+-----
Armour         | 4 5 6 7 |  7.8
Fighting       | 4 5 |  5.9
Staves         | 3 4 |  4.9
Shields        | 5 6 7 |  7.1

Action                     |  1- 3 |  4- 6 |  7- 9 || total
---------------------------+-------+-------+-------++-------
  Melee: Quarterstaff      |   100 |   110 |   262 ||   472
Ability: Dig               |       |       |     1 ||     1
    Use: Scroll            |       |       |     7 ||     7
         Potion            |       |       |     1 ||     1
 Armour: Scale mail        |    29 |    14 |    37 ||    80
         Skin              |       |       |    42 ||    42
  Dodge: Dodged            |    39 |    74 |   171 ||   284
  Block: Buckler           |    50 |    60 |   170 ||   280
         Reflection        |     1 |     1 |       ||     2
